 Dungeon Crawl Stone Soup version 0.22-a0-224-g8cf3520 (webtiles) character file.

1 Amnesiac the Charlatan (level 1, -1/9 HPs)
             Began as a Spriggan Artificer on Feb 20, 2018.
             Slain by an orc
             ... wielding a +0 flail
              (5 damage)
             ... on level 3 of the Dungeon.
             The game lasted 00:02:03 (500 turns).

Amnesiac the Charlatan (Spriggan Artificer)          Turns: 500, Time: 00:02:04

Health: -1/9       AC:  0    Str:  8    XL:     1   Next: 16%
Magic:  4/4        EV: 16    Int: 12    God:
Gold:   56         SH:  0    Dex: 16    Spells: 0/0 levels left

rFire    . . .     SeeInvis +   (weapon currently unavailable)
rCold    . . .     Gourm    .   (shield currently unavailable)
rNeg     . . .     Faith    .   (armour currently unavailable)
rPois    .         Spirit   .   (helmet currently unavailable)
rElec    .         Reflect  .   (cloak currently unavailable)
rCorr    .         Harm     .   (gloves unavailable)
MR       .....                  (boots unavailable)
Stlth    ++........             (no amulet)
HPRegen  0.03/turn              (ring currently unavailable)
MPRegen  0.09/turn              (ring currently unavailable)

@: pig-form, very quick
A: small, unfitting armour, see invisible, herbivore, slow metabolism 2
a: no special abilities


You were on level 3 of the Dungeon.
You were not hungry.
You were a filthy swine.
You visited 1 branch of the dungeon, and saw 4 of its levels.

You collected 56 gold pieces.

Inventory:

Hand Weapons
 a - a +0 short sword (melded)
Armour
 b - a +0 robe (melded)
Wands
 c - a wand of flame (15)
 d - a wand of enslavement (15)
 e - a wand of random effects (15)
Scrolls
 h - a scroll of immolation {!r, unknown}
Potions
 g - a potion of heal wounds {!q, unknown}
 i - a potion of agility {!q, unknown}
Comestibles
 f - a ration


   Skills:
 + Level 0.8 Fighting
 - Level 1.1 Short Blades
 - Level 3.0 Dodging
 - Level 1.5 Stealth
 * Level 4.1 Evocations


You couldn't memorise any spells.
You didn't know any spells.

Dungeon Overview and Level Annotations

Branches:
Dungeon (4/15)
 Temple: D:4-7

Altars:

Annotations:
D:4 Dowan, Duvessa


Innate Abilities, Weirdness & Mutations

You are very small and have problems with some larger weapons.
You are too small for most types of armour.
You have supernaturally acute eyesight. (SInv)
You are a herbivore.
((You cover ground extremely quickly.))
You need consume almost no food.


Message History

You closely miss the hobgoblin.
The hobgoblin is moderately wounded.
The hobgoblin completely misses you.
Found 15 gold pieces.
You see here 15 gold pieces.
You now have 56 gold pieces (gained 15).
An orc comes into view. It is wielding an enchanted mace.
The orc shouts!
A hobgoblin comes into view. It is wielding a club.
The hobgoblin shouts!
You hear a shout!
The orc hits you with an enchanted mace.
Ouch! That really hurt!
* * * LOW HITPOINT WARNING * * *
Found a scroll labeled FYRAED NUQO.
An ooze and a worker ant come into view.
Found a stone staircase leading down.
You see here a scroll labeled FYRAED NUQO {!r}.
h - a scroll labeled FYRAED NUQO {!r} The worker ant misses you.
Found a robe.
There is a stone staircase leading down here.
You climb downwards.
Found a stone staircase leading up.
There is a stone staircase leading up here.
You start resting.
HP restored.
You start resting.
HP restored.
You found a teleport trap!
There is a stone staircase leading up here.
You climb upwards. 3 orcs come into view.
The orc moves out of view.
An orc comes into view. It is wielding a mace.
There is a stone staircase leading down here.
The orc shouts! x2; You hear a shout!
You climb downwards.
There is a stone staircase leading up here.
A leopard gecko comes into view.
Found a fuming coppery potion.
The leopard gecko hisses angrily.
The leopard gecko misses you.
You barely miss the leopard gecko. You barely miss the leopard gecko.
The leopard gecko completely misses you.
The teleport trap disappears.
The leopard gecko disappears!
Duvessa, Sister of Dowan comes into view.
She is wielding a short sword.
Found a stone staircase leading down.
Duvessa shouts!
Dowan, Brother of Duvessa comes into view.
He is wielding a dagger.
You see here a fuming coppery potion {!q}.
i - a fuming coppery potion {!q} Dowan gestures at you while chanting.
The puff of frost hits you!
Ouch! That really hurt!
* * * LOW HITPOINT WARNING * * *
Duvessa zaps a wand.
You turn into a filthy swine.
It is a wand of polymorph (2).
There is a stone staircase leading up here.
You climb upwards.
The orc shouts!
The orc hits you with a flail.
Ouch! That really hurt!
You die...

....o....
#..o....
#..o...#
#.#....#
##......#
##.⌠...⌠.##
##.........##
#.⌠...h...⌠.#
#....o.o...##
...#.⌠...⌠.##
# #.......#
#.#...#.#
#........ #
###.# ## .#
#.#


You could see 5 orcs.

Vanquished Creatures
  A bat (D:2)
1 creature vanquished.

Notes
Turn   | Place    | Note
-------+----------+-------------------------------------------
     0 | D:1      | Amnesiac the Spriggan Artificer began the quest for the Orb.
     0 | D:1      | Reached XP level 1. HP: 9/9 MP: 4/4
   244 | D:3      | Noticed a worker ant
   478 | D:4      | Noticed Duvessa
   481 | D:4      | Noticed Dowan
   500 | D:3      | Slain by an orc

Vault maps used:
D:1:      saegor_arrival_simple_b, minivault_24
D:2:      ashenzari_conservatory_becter
D:3:      grunt_ministairs_2, minmay_liquid_box, led_xom_imps, uniq_robin
D:4:      cheibrodos_thug_alley, lemuel_coloured_pillars_altar, uniq_duvessa

Action                   || total
-------------------------++-------
Melee: Short sword       ||     7
Armor: Robe              ||     2
Dodge: Dodged            ||    13

Table legend:
 A = Spawn XP
 B = Non-spawn XP
 C = Spawn XP percentage of total XP
 D = Spawn monster count
 E = Non-spawn monster count
 F = Spawn count percentage of total count
 G = Total turns spent on level
                    A         B        C        D         E        F      G
               +---------+---------+-------+---------+---------+-------+---------
         Total |       0 |       2 |   0.0 |       0 |       1 |   0.0 |   500
               +---------+---------+-------+---------+---------+-------+---------
           D:2 |       0 |       2 |   0.0 |       0 |       1 |   0.0 |   129
               +---------+---------+-------+---------+---------+-------+---------
